 Dungeon Crawl Stone Soup version 0.28.0-1-gb440e238dd (webtiles) character file.

Game seed: 17559069220042308447

161 lonewolfV2 the Ducker (level 5, -1/52 HPs)
             Began as a Troll Fighter on Feb 22, 2022.
             Slain by Terence (7 damage)
             ... on level 3 of the Dungeon.
             The game lasted 00:03:07 (1993 turns).

lonewolfV2 the Ducker (Troll Fighter)               Turns: 1993, Time: 00:03:08

Health: -1/52      AC:  4    Str: 26    XL:     5   Next: 18%
Magic:  4/4        EV:  9    Int:  4    God:
Gold:   76         SH:  7    Dex:  9    Spells: 4/4 levels left

rFire   . . .      SeeInvis .     - Unarmed
rCold   . . .      Faith    .   b - +0 kite shield
rNeg    . . .      Spirit   .   a - +0 robe
rPois   .          Reflect  .   (helmet restricted)
rElec   .          Harm     .   (no cloak)
rCorr   .          Rampage  .   (gloves unavailable)
Will    .....                   (boots unavailable)
Stlth   +.........              (no amulet)
HPRegen 0.97/turn               (no ring)
MPRegen 0.09/turn               (no ring)

@: mighty, flying
A: large, unfitting armour, claws 3, regeneration 1, shaggy fur 1, tough skin 1
a: no special abilities


You were on level 3 of the Dungeon.
You visited 1 branch of the dungeon, and saw 3 of its levels.

You collected 76 gold pieces.

Inventory:

Armour
 a - a +0 robe (worn)
 b - a +0 kite shield (worn)
Jewellery
 l - an amulet of regeneration
 m - a ring of magical power
Scrolls
 j - a scroll of amnesia {unknown}
 k - a scroll of noise {unknown}
 n - a scroll of vulnerability {unknown}
Potions
 d - a potion of flight
 e - a potion of degeneration {unknown}
 g - a potion of berserk rage {unknown}
 h - a potion of lignification {unknown}
 i - a potion of ambrosia {unknown}


   Skills:
 + Level 2.8 Fighting
 + Level 3.7 Dodging
 + Level 0.1 Stealth
 + Level 2.9 Shields
 + Level 3.2 Unarmed Combat


You had 4 spell levels left.
You didn't know any spells.
Your spell library was empty.

Dungeon Overview and Level Annotations

Branches:
Dungeon (3/15)

Altars:
Sif Muna

Annotations:
D:3 Ijyb, Terence


Innate Abilities, Weirdness & Mutations

You are too large for most types of armour.
You have claws for hands.
Your natural rate of healing is unusually fast.
You are covered in fur. (AC +1)
You have tough skin. (AC +1)


Message History

You claw Terence!
Terence is heavily wounded.
You block the jackal's attack. Terence screams, "I want your blood!"
Terence zaps a wand.
The puff of flame hits you!
The jackal bites you but does no damage.
You block the jackal's attack. Terence barely misses you.
It was a potion of curing.
You feel better.
The jackal bites you but does no damage.
You block the jackal's attack. The jackal barely misses you.
Ijyb barely misses you. Terence barely misses you.
You feel very mighty all of a sudden. The jackal barely misses you.
The jackal bites you but does no damage.
Ijyb hits you with a +0 club.
Terence hits you with a +2 short sword of venom.
You are poisoned.
The jackal barely misses you.
You barely miss Terence.
Terence is heavily wounded.
You feel very sick. You block the jackal's attack. The jackal bites you.
* * * LOW HITPOINT WARNING * * *
Ijyb screams, "No!
No, no, no, no!"
You block Ijyb's attack. The jackal barely misses you.
Terence closely misses you.
You feel better. The jackal bites you. The jackal closely misses you.
Ijyb hits you but does no damage.
Terence zaps a wand.
The puff of flame hits you!
* * * LOW HITPOINT WARNING * * *
You block the jackal's attack.
It was a potion of flight.
You feel very buoyant.
You fly up into the air.
The jackal bites you but does no damage.
You block the jackal's attack. Ijyb hits you with a +0 club.
* * * LOW HITPOINT WARNING * * *
Terence looks scornfully at you.
Terence hits you with a +2 short sword of venom!
You die...

#.....# ### # ### #.....#
#.... ..# #.....# ###
....#.#.# #.....####..
#.#...#.# #.....'.....
.#.....#.#####.....#.....
...#>....#.........'...รท.
#.....g@..###.....#...##
#.....#@#####.###.#.....
##.....hh....... #.#.....
......##.#########.#.....
#.#...............#.....
.......#.###########.....
##.#####... #...## .
+..... #...## #.......
#...## #....... #...##


You could see Ijyb, Terence and 2 jackals.

Vanquished Creatures
  Natasha (twice) (D:3)
  3 adders
  A dart slug (D:3)
  5 orcs (D:3)
  9 ball pythons
  5 bats
  4 endoplasms (D:1)
  2 giant cockroaches
  8 hobgoblins
  6 jackals
  3 kobolds
  3 quokkas
  2 frilled lizards (D:1)
  8 goblins
  7 rats
68 creatures vanquished.

Notes
Turn   | Place    | Note
-------+----------+-------------------------------------------
     0 | D:1      | lonewolfV2 the Troll Fighter began the quest for the Orb.
     0 | D:1      | Reached XP level 1. HP: 22/22 MP: 0/0
   135 | D:1      | Reached XP level 2. HP: 20/29 MP: 1/1
   357 | D:1      | Found a faded altar of an unknown god.
   398 | D:1      | Reached XP level 3. HP: 36/36 MP: 2/2
  1295 | D:3      | Reached XP level 4. HP: 37/44 MP: 3/3
  1619 | D:3      | Noticed Natasha
  1636 | D:3      | Killed Natasha
  1722 | D:3      | Found a shimmering blue altar of Sif Muna.
  1779 | D:3      | Noticed Natasha
  1786 | D:3      | Killed Natasha
  1787 | D:3      | Reached XP level 5. HP: 47/52 MP: 4/4
  1980 | D:3      | Noticed Terence
  1985 | D:3      | Noticed Ijyb
  1993 | D:3      | Slain by Terence

Illustrated notes

Levels and vault maps discovered:
D:1:      dpeg_arrival_signposts, layout_rooms, shapermc_ecumenical_altar_petra
D:2:      layout_loops_ring, minmay_3d_cube
D:3:      layout_basic, old_standard_altar, uniq_terence, uniq_ijyb,
          uniq_natasha

Skill      XL: |  1  2  3  4 |
---------------+-------------+-----
Dodging        | 3 |  3.7
Unarmed Combat | 3 |  3.2
Fighting       | |  2.8
Stealth        | |  0.1
Shields        | |  2.9

Action                   |  1- 3 |  4- 6 || total
-------------------------+-------+-------++-------
Melee: Unarmed           |   130 |    83 ||   213
  Use: Scroll            |     2 |       ||     2
       Potion            |       |     4 ||     4
Armor: Robe              |    73 |    30 ||   103
Dodge: Dodged            |    76 |    50 ||   126
Block: Kite shield       |    54 |    46 ||   100
